 Dungeon Crawl Stone Soup version 0.26-a0-639-g72c4674 (webtiles) character file.

Game seed: 3606599539692974751

287 royokou the Firebug (level 6, -2/32 HPs)
             Began as a Gargoyle Fire Elementalist on Sept 16, 2020.
             Slain by a gnoll
             ... wielding a +0 club
              (4 damage)
             ... on level 3 of the Dungeon.
             The game lasted 00:13:33 (2577 turns).

royokou the Firebug (Gargoyle Fire Elementalist)    Turns: 2577, Time: 00:13:34

Health: -2/32      AC:  7    Str: 11    XL:     6   Next: 30%
Magic:  8/10       EV: 12    Int: 18    God:
Gold:   48         SH:  0    Dex: 10    Spells: 10/11 levels left

rFire    . . .     SeeInvis .   o - +0 spear
rCold    . . .     Faith    .   (no shield)
rNeg     + . .     Spirit   .   a - +0 robe
rPois    ∞         Reflect  .   m - +0 helmet
rElec    +         Harm     .   (no cloak)
rCorr    +         Rampage  .   (no gloves)
MR       .....                  (no boots)
Stlth    ++........             r - amulet of regeneration
HPRegen  0.50/turn              p - ring of resist corrosion
MPRegen  0.12/turn              (no ring)

@: no status effects
A: negative energy resistance 1, electricity resistance, unbreathing,
petrification resistance, rot immunity, AC +4
a: no special abilities


You were on level 3 of the Dungeon.
You visited 1 branch of the dungeon, and saw 3 of its levels.

You collected 48 gold pieces.

Inventory:

Hand Weapons
 c - a +0 club
 f - a +0 whip
 o - a +0 spear (weapon)
Armour
 a - a +0 robe (worn)
 m - a +0 helmet (worn)
 q - a +0 robe
Jewellery
 g - an uncursed amulet of reflection
 p - a ring of resist corrosion (left hand)
 r - an amulet of regeneration (around neck)
Scrolls
 b - a scroll of teleportation {unknown}
 d - 4 scrolls of remove curse {unknown}
 i - 2 scrolls of blinking {unknown}
 j - 3 scrolls of enchant weapon {unknown}
 s - a scroll of fog {unknown}
 v - a scroll of identify {unknown}
Potions
 e - a potion of haste {unknown}
 h - 2 potions of lignification {unknown}
 k - 3 potions of mutation {unknown}
 l - a potion of heal wounds {unknown}
 n - a potion of cancellation {unknown}
 t - a potion of curing {unknown}
 u - a potion of flight {unknown}


   Skills:
 - Level 1.7 Dodging
 - Level 2.4 Stealth
 + Level 3.3 Spellcasting
 + Level 3.3 Conjurations
 * Level 5.1 Fire Magic


You had 10 spell levels left.
You knew the following spells:

 Your Spells              Type           Power        Failure   Level
a - Foxfire               Conj/Fire      ###.         2%          1

Your spell library contained the following spells:

 Spells                   Type           Power        Failure   Level
 Conjure Flame            Conj/Fire      ###.....     9%          3
 Inner Flame              Hex/Fire       ##......     17%         3
 Sticky Flame             Conj/Fire      ###.....     26%         4
 Fireball                 Conj/Fire      ###.......   58%         5


Dungeon Overview and Level Annotations

Branches:
Dungeon (3/15)

Altars:

Annotations:
D:1 exclusion: downstairs


Innate Abilities, Weirdness & Mutations

You are resistant to torment.
Your stone body is resilient. (AC +4)
You are immune to poison.
You resist negative energy. (rN+)
You are resistant to electric shocks. (rElec)
You can survive without breathing.
You are immune to petrification.
You are immune to rotting.


Message History

The orc wizard hits you but does no damage.
The gnoll closely misses you.
You hit the orc wizard but do no damage.
The orc wizard is moderately wounded.
You feel less confused. The orc hits you but does no damage.
The orc wizard hits you but does no damage.
The gnoll closely misses you.
You hit the orc wizard but do no damage.
The orc wizard is moderately wounded.
The orc wizard hits you but does no damage.
The orc hits you with a +0 flail.
* * * LOW HITPOINT WARNING * * *
The gnoll completely misses you. The orc wizard closely misses you.
You hit the orc wizard.
The orc wizard is moderately wounded.
The orc misses you.
The orc wizard hits you but does no damage.
The gnoll hits you with a +0 club.
You die...

#######
####<....#
#......†.#
##o##.....#
##o@####.###
##og## .#
#..## ##
#!## #.#
#!.......
?o.#####.
.og## o...#


You could see an orc wizard, a gnoll and 2 orcs.

Vanquished Creatures
  Sigmund (D:2)
  Robin (D:2)
  A gnoll (D:3)
  2 adders (D:2)
  A dart slug (D:1)
  3 leopard geckos
  2 orcs (D:3)
  3 bats
  4 giant cockroaches
  17 goblins
  8 hobgoblins
  10 jackals
  4 kobolds
  A quokka (D:2)
  3 frilled lizards
  4 rats
65 creatures vanquished.

Vanquished Creatures (others)
  127 foxfires
127 creatures vanquished.

Grand Total: 192 creatures vanquished

Notes
Turn   | Place    | Note
-------+----------+-------------------------------------------
     0 | D:1      | royokou the Gargoyle Fire Elementalist began the quest for
                  | the Orb.
     0 | D:1      | Reached XP level 1. HP: 10/10 MP: 3/3
   262 | D:1      | Reached XP level 2. HP: 15/15 MP: 0/5
   801 | D:1      | Reached XP level 3. HP: 19/19 MP: 6/6
  1238 | D:2      | Noticed Sigmund
  1548 | D:2      | Noticed Robin
  1823 | D:2      | Reached XP level 4. HP: 24/24 MP: 4/7
  1887 | D:2      | Killed Robin
  1913 | D:2      | Reached skill level 4 in Fire Magic
  2033 | D:2      | Killed Sigmund
  2033 | D:2      | Reached skill level 5 in Fire Magic
  2033 | D:2      | Reached XP level 5. HP: 25/28 MP: 0/9
  2033 | D:2      | Reached XP level 6. HP: 28/32 MP: 0/10
  2576 | D:3      | HP: 1/32 [orc/+0 flail (3)]
  2577 | D:3      | Slain by a gnoll

Illustrated notes

Levels and vault maps discovered:
D:1:      dpeg_arrival_water_temple_mockup, layout_basic,
          minmay_misc_feat_four_crosses
D:2:      layout_basic, kennysheep_generic_room_14, uniq_robin, uniq_sigmund
D:3:      layout_rooms, old_standard_altar

Skill      XL: |  1  2  3  4 |
---------------+-------------+-----
Conjurations   | 2 3 |  3.3
Fire Magic     | 5 |  5.1
Spellcasting   | 3 |  3.3
Dodging        | |  1.7
Stealth        | |  2.4

Action                   |  1- 3 |  4- 6 || total
-------------------------+-------+-------++-------
Melee: Unarmed           |    12 |       ||    12
       Whip              |    44 |       ||    44
       Spear             |    48 |    52 ||   100
 Cast: Foxfire           |    37 |    38 ||    75
 Stab: Sleeping          |     4 |       ||     4
Armor: Robe              |    34 |    39 ||    73
       Skin              |     2 |       ||     2
Dodge: Dodged            |    73 |    57 ||   130
Block: Other             |     8 |       ||     8

Table legend: (Time is in decaauts)
 A = Elapsed time spent in this place.
 B = Non-inter-level travel time spent in this place.
 C = Inter-level travel time spent in this place.
 D = Time resting spent in this place.
 E = Time spent auto-exploring this place.
 F = Levels seen in this place.
 G = Mean time per level.
                   A        B        C        D        E       F      G
               +--------+--------+--------+--------+--------+-----+--------+
         Total |   2592 |   2563 |     29 |    435 |   1224 |   3 |  864.0 |
       Dungeon |   2592 |   2563 |     29 |    435 |   1224 |   3 |  864.0 |
               +--------+--------+--------+--------+--------+-----+--------+

Top non-repeatable levels by time:
     D:1: 1341 daAuts
     D:2: 1177 daAuts
     D:3: 74 daAuts
